 Dungeon Crawl Stone Soup version 0.32-a0-893-gf85d74f360 (webtiles) character file.

Game seed: 4618413671451115383

189 BubbleThief the Poker (level 5, 0/41 HPs)
             Began as a Demonspawn Gladiator on Apr 3, 2024.
             Slain by a giant cockroach (2 damage)
             ... in a sewer.
             The game lasted 00:04:23 (2361 turns).

BubbleThief the Poker (Demonspawn Gladiator)        Turns: 2361, Time: 00:04:24

Health: 0/41       AC: -9    Str: 16    XL:     5   Next: 40%
Magic:  5/5        EV: 13    Int:  8    God:
Gold:   102        SH:  0    Dex: 15    Spells: 4/4 levels left

rFire   . . .        a - +0 trident
rCold   . . .        (no shield)
rNeg    . . .        b - +0 leather armour
rPois   .            (helmet restricted)
rElec   .            (no cloak)
rCorr   .            (no gloves)
SInv    .            (no boots)
Will    .....        (no amulet)
Stlth   ++           (no ring)
HPRegen 0.26/turn    (no ring)
MPRegen 0.09/turn

%: no passive effects
@: corroded, wreathed by umbra
A: antennae 1, repulsion field 1, foul shadow 1
a: no special abilities


You were in a sewer.
You visited 1 branch of the dungeon, and saw 3 of its levels.
You also visited: Sewer.

You collected 102 gold pieces.

Inventory:

Hand Weapons
 a - a +0 trident (weapon)
Missiles
 d - 3 throwing nets (quivered)
 e - a javelin
 o - 3 poisoned darts
Armour
 b - a +0 leather armour (worn)
Wands
 q - a wand of roots (8)
Scrolls
 g - a scroll of vulnerability {unknown}
 i - a scroll of fog {unknown}
 k - 3 scrolls of teleportation {unknown}
 l - 2 scrolls of identify {unknown}
Potions
 f - 4 potions of curing {unknown}
 h - 2 potions of lignification {unknown}
 j - 2 potions of degeneration {unknown}
 m - a potion of mutation {unknown}
 n - 2 potions of heal wounds {unknown}
 p - 2 potions of haste {unknown}
 r - a potion of invisibility {unknown}


   Skills:
 + Level 3.6 Fighting
 * Level 4.8 Polearms
 - Level 1.7 Throwing
 - Level 2.6 Dodging


You had 4 spell levels left.
You didn't know any spells.
Your spell library was empty.

Dungeon Overview and Level Annotations

Branches:
Dungeon (3/15)              Sewer (1/1)

Altars:


Innate Abilities, Weirdness & Mutations

You have a pair of small antennae on your head.
You are surrounded by a mild repulsion field. (EV +2)
You are faintly shadowed, very rarely releasing foul flame when damaged in melee.


Message History

You closely miss the river rat.
The jelly quivers.
The river rat closely misses you.
The ball python hisses angrily.
You hit the river rat.
The river rat is heavily wounded.
The river rat bites you.
You hit the river rat.
The river rat is severely wounded.
The jelly jiggles.
The river rat barely misses you.
You puncture the river rat!
You kill the river rat!
The giant cockroach bites you but does no damage.
The giant cockroach barely misses you.
You hit the jelly. The acid corrodes you!
Your hands burn!
The jelly is lightly wounded.
The jelly hits you.
You are splashed with acid!
The giant cockroach bites you.
Unknown command.
You hit the jelly. The acid corrodes you!
Your hands burn!
The jelly is lightly wounded.
The jelly hits you.
You are splashed with acid!
* * * LOW HITPOINT WARNING * * *
The giant cockroach splashes around in the water.
The ball python closely misses you. x2
Unknown command.
The jelly quivers.
You hit the jelly. The acid corrodes you!
Your hands burn!
* * * LOW HITPOINT WARNING * * *
The jelly is moderately wounded.
The giant cockroach completely misses you.
The jelly misses you.
An endoplasm comes into view.
The ball python misses you. The ball python barely misses you.
The endoplasm quivers.
You hit the jelly but do no damage.
Your hands burn!
* * * LOW HITPOINT WARNING * * *
The jelly is moderately wounded.
The giant cockroach bites you.
You die...

#.~.~~.~##..## #....~.††~
.~...~~.†##..~###...~..~.~
~~~~~~#.~~##.~.##~.#######
~##...##~~~##..##..# #.~~
##..~~..##~.# #~.#
#.....###..####### #.~
##~.#### #....~....
#~~.###..~# #.~...~...
#∩.~.~S@~# ##########
##.~~~BJ## ####.~## #~.
... J~.# ...# .~~~


You could see a jelly, an endoplasm, a giant cockroach and a ball python.

Vanquished Creatures
  A jelly (Sewer)
  6 adders
  A river rat (Sewer)
  A ribbon worm (D:2)
  3 dart slugs
  9 endoplasms
  9 giant cockroaches
  7 goblins
  4 hobgoblins
  2 jackals (D:3)
  4 quokkas
  9 ball pythons
  6 bats
  7 frilled lizards
  8 kobolds
  8 rats
85 creatures vanquished.

Notes
Turn   | Place    | Note
-------+----------+-------------------------------------------
     0 | D:1      | BubbleThief the Demonspawn Gladiator began the quest for
                  | the Orb.
     0 | D:1      | Reached XP level 1. HP: 16/16 MP: 1/1
   241 | D:1      | Reached skill level 3 in Polearms
   331 | D:1      | Gained mutation: You are surrounded by a mild repulsion
                  | field. (EV +2) [demonic ancestry]
   331 | D:1      | Reached XP level 2. HP: 18/22 MP: 2/2
   977 | D:2      | Reached XP level 3. HP: 17/28 MP: 3/3
  1594 | D:2      | Reached skill level 4 in Polearms
  1594 | D:2      | Gained mutation: You have a pair of small antennae on your
                  | head. [demonic ancestry]
  1594 | D:2      | Reached XP level 4. HP: 31/35 MP: 4/4
  2122 | D:3      | Found a glowing drain.
  2128 | Sewer    | Entered a sewer
  2203 | Sewer    | Gained mutation: You are faintly shadowed, very rarely
                  | releasing foul flame when damaged in melee. [demonic
                  | ancestry]
  2203 | Sewer    | Reached XP level 5. HP: 41/41 MP: 5/5
  2361 | Sewer    | HP: 2/41 [acid (5)]
  2361 | Sewer    | Slain by a giant cockroach

Illustrated notes

Levels and vault maps discovered:
D:1:      dpeg_arrival_three_smaller_balls, layout_basic, minmay_split_cup_small
D:2:      layout_loops_ring, eino_tiny_chamber, solitary_fountain, st_stairs_5
D:3:      wad_river_or_something, layout_basic, mainiacjoe_overflow_alcove_4,
          gup_sewer_entry_bubbles, dilly_ecumenical_altar_fadedgnrine,
          serial_forest, infiniplex_forest_lined_room_2,
          infiniplex_forest_end_3, infiniplex_forest_zigzag_1,
          infiniplex_forest_end_double
Sewer:    sewer_hellmonk_slimy_pipes

Skill      XL: |  1  2  3 |
---------------+----------+-----
Polearms       | 3 4 |  4.8
Fighting       | 3 |  3.6
Throwing       | |  1.7
Dodging        | |  2.6

Action                     |  1- 3 |  4- 6 || total
---------------------------+-------+-------++-------
  Melee: Trident           |   165 |   121 ||   286
   Stab: Sleeping          |     3 |     2 ||     5
 Armour: Leather armour    |    71 |    49 ||   120
  Dodge: Dodged            |    98 |    71 ||   169

Table legend: (Time is in decaauts)
 A = Elapsed time spent in this place.
 B = Non-inter-level travel time spent in this place.
 C = Inter-level travel time spent in this place.
 D = Time resting spent in this place.
 E = Time spent auto-exploring this place.
 F = Levels seen in this place.
 G = Mean time per level.
                   A        B        C        D        E       F      G
               +--------+--------+--------+--------+--------+-----+--------+
         Total |   2415 |   2350 |     65 |      0 |   1735 |   4 |  603.8 |
       Dungeon |   2169 |   2104 |     65 |      0 |   1600 |   3 |  723.0 |
         Sewer |    245 |    245 |      0 |      0 |    135 |   1 |  245.0 |
               +--------+--------+--------+--------+--------+-----+--------+

Top non-repeatable levels by time:
     D:1: 937 daAuts
     D:2: 824 daAuts
     D:3: 407 daAuts
   Sewer: 245 daAuts
